 Dungeon Crawl Stone Soup version 0.31.0-32-g396128a36d (webtiles) character file.

Game seed: 9019196492253001312

946 KittyFluff the Ruffian (level 7, -9/100 HPs)
             Began as a Troll Shapeshifter on Apr 10, 2024.
             Mangled by Pikel
             ... wielding a +2 whip of electrocution
              (19 damage)
             ... on level 5 of the Dungeon.
             The game lasted 00:12:57 (2888 turns).

KittyFluff the Ruffian (Troll Shapeshifter)         Turns: 2888, Time: 00:12:57

Health: -9/100     AC: 23    Str: 29    XL:     7   Next: 89%
Magic:  6/6        EV:  1    Int:  5    God:
Gold:   236        SH:  0    Dex:  8    Spells: 6/6 levels left

rFire   . .          .
                       - Unarmed
rCold   . . .        (no shield)
rNeg    . . .        e - melded +0 robe
rPois   +            (helmet currently unavailable)
rElec   .            (cloak currently unavailable)
rCorr   .            (gloves unavailable)
SInv    .            (boots unavailable)
Will    .....        s - amulet of the acrobat
Stlth   +            (no ring)
HPRegen 1.16/turn    (no ring)
MPRegen 0.10/turn

%: acrobat
@: tree-form
A: stationary, stasis, torment immunity, boosted hp, large, unfitting armour,
(claws 3), regeneration 1, (shaggy fur 1), (tough skin 1), (talons 1),
(iridescent scales 1), strong 1
a: no special abilities


You were on level 5 of the Dungeon.
You were a tree.
You visited 1 branch of the dungeon, and saw 5 of its levels.

You collected 236 gold pieces.

Inventory:

Hand Weapons
 i - a +0 whip
 t - a +1 hand axe of electrocution
 w - a +1 war axe of freezing
 y - a +0 trident
Missiles
 a - 25 stones (quivered)
 m - 6 poisoned darts
 x - 5 boomerangs
Armour
 e - a +0 robe (melded)
Magical Staves
 z - a staff of cold
 A - a staff of fire
Jewellery
 s - an amulet of the acrobat (around neck)
Talismans
 c - a beast talisman
 d - a flux talisman
Wands
 v - a wand of flame (16)
Scrolls
 g - a scroll of vulnerability {unknown}
 h - a scroll of enchant weapon {unknown}
 j - 2 scrolls of fear {unknown}
 k - 3 scrolls of teleportation {unknown}
 l - 2 scrolls of poison {unknown}
 o - 2 scrolls of immolation {unknown}
 q - 2 scrolls of identify {unknown}
 r - 2 scrolls of fog {unknown}
Potions
 b - a potion of lignification
 f - a potion of mutation
 n - 2 potions of ambrosia {unknown}
 p - a potion of degeneration {unknown}
 u - a potion of resistance {unknown}
 B - a potion of curing {unknown}
 C - a potion of cancellation {unknown}


   Skills:
 + Level 3.2 Fighting
 + Level 3.4 Throwing
 + Level 3.6 Dodging
 + Level 5.0 Unarmed Combat
 + Level 4.7 Shapeshifting


You had 6 spell levels left.
You didn't know any spells.
Your spell library contained the following spells:

 Spells                   Type           Power      Damage    Failure   Level
 Freeze                   Ice            0%         1d3       47%         1
 Cigotuvi's Dreadful Rot  Necr/Alch/Air  0%         N/A       63%         2
 Frozen Ramparts          Ice            0%         1d1       85%         3
 Hailstorm                Conj/Ice       0%         3d5       85%         3
 Ignite Poison            Fire/Alch      0%         N/A       99%         4
 Leda's Liquefaction      Alch/Erth      0%         N/A       99%         4
 Petrify                  Alch/Erth      0%         N/A       99%         4
 Freezing Cloud           Conj/Ice/Air   0%         6-21      100%        5
 Metabolic Englaciation   Hex/Ice        0%         N/A       100%        5


Dungeon Overview and Level Annotations

Branches:
Dungeon (5/15)
 Temple: D:4-7

Altars:
Cheibriados
Fedhas

Shops:
D:3 !

Annotations:
D:5 2 transporters, Pikel; Raphitos's ghost, amateur FoFi


Innate Abilities, Weirdness & Mutations

You are a tree.
Your roots penetrate the ground, keeping you stationary.
You cannot be teleported.
You are immune to unholy pain and torment.
Your maximum health is greatly increased.
Your equipment is partially melded.
You are too large for most types of armour.
((You have claws for hands.))
Your natural rate of healing is unusually fast.
((You are covered in fur. (AC +1)))
((You have tough skin. (AC +1)))
((You have sharp toenails.))
((You are partially covered in iridescent scales. (AC +2)))
Your muscles are strong. (Str +4, Int/Dex -1)


Message History

The lemure shouts!
You claw the wyvern! You claw the wyvern.
The wyvern is almost dead.
You hear a shout!
The wyvern bites you but does no damage.
You closely miss the wyvern. You claw the wyvern, but do no damage.
The wyvern is almost dead.
The wyvern closely misses you.
A lemure comes into view.
The lemure shouts!
You scratch the wyvern.
You kill the wyvern!
Your Unarmed Combat skill increases to level 5!
You miss Pikel. Your kick misses Pikel. You closely miss Pikel.
Pikel hits you with a +2 whip of electrocution.
You are electrocuted!!
You barely miss Pikel. Your kick misses Pikel. Pikel barely misses you.
You miss Pikel. You claw Pikel, but do no damage.
Pikel says, "Hell isn't that bad."
Pikel hits you with a +2 whip of electrocution.
You are electrocuted!!
* * * LOW HITPOINT WARNING * * *
Your transformation has ended.
You turn into a tree.
Your +0 robe melds into your body.
Your roots penetrate the ground.
Pikel hits you but does no damage.
You hit Pikel but do no damage. Pikel hits you but does no damage.
You barely miss Pikel. Pikel hits you but does no damage.
A scorpion comes into view.
You pummel Pikel!!
Pikel is heavily wounded.
Pikel hits you but does no damage.
You barely miss Pikel.
Pikel is heavily wounded.
Pikel hits you but does no damage.
You smack Pikel!
Pikel is severely wounded.
Pikel hits you but does no damage.
You are electrocuted!!
You die...
Pikel says, "See you in Hell!"

#.#. #.# #..#
#... .#.#. #..#
#..# .....##..#
#..# ..#..#...#
+[s# #©.=W#©..#
#..## ..#$#..##
#.55#.#...#.##.#
#K##..##.#. #.#
#♣#©..#...#.#.#
#.##....#..##.#
#..##..... #..#
##..##### ##.##
##.....###..#
#####.....##
#######


You could see Pikel, 2 lemures and a scorpion.

Vanquished Creatures
  Prince Ribbit (D:5)
  A wyvern (D:5)
  Menkaure (D:4)
  A bullfrog (D:5)
  A scorpion (D:4)
  2 bombardier beetles (D:4)
  2 hounds (D:5)
  2 orc priests (D:4)
  A sleepcap (D:5)
  Ijyb (D:3)
  An orc wizard (D:4)
  3 adders
  2 dart slugs
  2 ribbon worms
  12 orcs
  4 bats
  5 endoplasms
  A giant cockroach (D:2)
  6 goblins
  4 hobgoblins
  3 jackals (D:3)
  5 ball pythons
  6 kobolds
  6 rats
73 creatures vanquished.

Notes
Turn   | Place    | Note
-------+----------+-------------------------------------------
     0 | D:1      | KittyFluff the Troll Shapeshifter began the quest for the
                  | Orb.
     0 | D:1      | Reached XP level 1. HP: 18/18 MP: 0/0
   186 | D:1      | Reached skill level 1 in Fighting
   201 | D:1      | Reached XP level 2. HP: 27/27 MP: 1/1
   767 | D:2      | Reached XP level 3. HP: 25/33 MP: 2/2
   829 | D:2      | Reached skill level 1 in Throwing
   873 | D:2      | Found a snail-covered altar of Cheibriados.
  1365 | D:3      | Found Myxior Tolie's Distillery.
  1424 | D:3      | Reached XP level 4. HP: 41/41 MP: 3/3
  1529 | D:3      | Noticed Ijyb
  1534 | D:3      | Killed Ijyb
  1695 | D:4      | Reached XP level 5. HP: 49/49 MP: 4/4
  1841 | D:4      | Reached skill level 4 in Unarmed Combat
  1876 | D:4      | Noticed Menkaure
  1880 | D:4      | Reached XP level 6. HP: 26/57 MP: 5/5
  1893 | D:4      | Killed Menkaure
  1949 | D:4      | Found a blossoming altar of Fedhas.
  2565 | D:5      | Entered Level 5 of the Dungeon
  2623 | D:5      | Noticed Prince Ribbit
  2636 | D:5      | Reached XP level 7. HP: 49/66 MP: 6/6
  2645 | D:5      | HP: 1/66 [Prince Ribbit (17)]
  2646 | D:5      | Gained mutation: You are partially covered in iridescent
                  | scales. (AC +2) [potion of mutation]
  2646 | D:5      | Gained mutation: You have sharp toenails. [potion of
                  | mutation]
  2646 | D:5      | Gained mutation: Your muscles are strong. (Str +4, Int/Dex
                  | -1) [potion of mutation]
  2648 | D:5      | Killed Prince Ribbit
  2841 | D:5      | Found a transporter.
  2845 | D:5      | Noticed Raphitos's ghost (amateur FoFi)
  2868 | D:5      | Found a transporter.
  2868 | D:5      | Noticed a wyvern
  2869 | D:5      | Noticed Pikel
  2878 | D:5      | Killed a wyvern
  2879 | D:5      | Reached skill level 5 in Unarmed Combat
  2882 | D:5      | HP: 2/67 [Pikel/+2 whip of electrocution (20)]
  2888 | D:5      | Mangled by Pikel

Illustrated notes

Levels and vault maps discovered:
D:1:      dpeg_arrival_snail, layout_basic
D:2:      layout_loops_ring, basic_altar
D:3:      layout_rooms, serial_shops, shop, uniq_ijyb
D:4:      layout_loops_corners, general_overflow_altar, uniq_menkaure
D:5:      layout_basic, gammafunk_ghost_stat_death, uniq_prince_ribbit1,
          uniq_pikel

Skill      XL: |  1  2  3  4  5  6  7 |
---------------+----------------------+-----
Fighting       | 1 2 3 |  3.2
Throwing       | 1 2 3 |  3.4
Dodging        | 2 3 |  3.6
Unarmed Combat | 4 5 |  5.0
Shapeshifting  | 4 |  4.7

Action                     |  1- 3 |  4- 6 |  7- 9 || total
---------------------------+-------+-------+-------++-------
  Melee: Unarmed           |    89 |   102 |    33 ||   224
         Punch             |       |     3 |       ||     3
         Kick              |       |       |     6 ||     6
  Throw: Stone             |     8 |       |       ||     8
    Use: Potion            |       |       |     3 ||     3
   Stab: Sleeping          |     1 |       |       ||     1
 Armour: Robe              |    49 |    42 |    16 ||   107
         Skin              |       |       |     8 ||     8
  Dodge: Dodged            |    36 |    46 |    16 ||    98
